 Dungeon Crawl Stone Soup version 0.28.0-53-g5a82cb258f (webtiles) character file.

Game seed: 4271681196821711244

1845 styxcanada the Covert (level 8, -21/40 HPs)
             Began as a Spriggan Brigand on July 31, 2022.
             Was an Initiate of Gozag.
             Demolished by an orc knight
             ... wielding a +0 war axe
              (26 damage)
             ... in a bailey.
             The game lasted 00:29:42 (7217 turns).

styxcanada the Covert (Spriggan Brigand)            Turns: 7217, Time: 00:29:42

Health: -21/40     AC:  4    Str:  7    XL:     8   Next: 88%
Magic:  13/13      EV: 22    Int: 12    God:    Gozag
Gold:   1538       SH:  5    Dex: 25    Spells: 11/13 levels left

rFire   + . .      SeeInvis +   a - +3 dagger (vorpal)
rCold   . . .      Faith    .   (no shield)
rNeg    . . .      Spirit   .   b - +1 robe
rPois   .          Reflect  +   (helmet restricted)
rElec   .          Harm     .   s - +0 cloak "Ranuotoudghi" {rF+ Regen+}
rCorr   +          Rampage  .   (gloves unavailable)
Will    +....                   (boots unavailable)
Stlth   +++++.....              w - amulet of reflection
HPRegen 0.93/turn               g - ring of resist corrosion
MPRegen 0.13/turn               t - +6 ring of dexterity

@: very quick
A: very small, no large weapons, unfitting armour, see invisible, speed 3
a: Renounce Religion, Potion Petition, Call Merchant, Bribe Branch


You were in a bailey.
You worshipped Gozag.
Gozag was most pleased with you.
You visited 2 branches of the dungeon, and saw 8 of its levels.
You also visited: Bailey.

You collected 1569 gold pieces.
You paid 31 gold pieces to Gozag.

Inventory:

Hand Weapons
 a - a +3 vorpal dagger (weapon)
 l - a +2 hand axe of flaming
 p - a +0 hunting sling
Missiles
 c - 3 boomerangs (quivered)
 e - a curare-tipped dart
 i - 56 sling bullets
 j - 216 stones
Armour
 b - a +1 robe (worn)
 s - the +0 cloak "Ranuotoudghi" (worn) {rF+ Regen+}
   (You acquired it on level 4 of the Dungeon)

   rF:        It protects you from fire.
   Regen:     It increases your rate of health regeneration.
Jewellery
 g - a ring of resist corrosion (left hand)
 t - a +6 ring of dexterity (right hand)
 w - an amulet of reflection (around neck)
Wands
 k - a wand of acid (7)
 x - a wand of polymorph (10)
Scrolls
 h - 4 scrolls of teleportation
 r - a scroll of immolation
Potions
 f - a potion of curing
 m - 2 potions of brilliance
 n - a potion of lignification
 o - 2 potions of mutation
 q - a potion of resistance
 u - 2 potions of cancellation
 z - 2 potions of might {unknown}


   Skills:
 + Level 3.2 Fighting
 + Level 4.8 Short Blades
 + Level 4.5 Throwing
 * Level 5.9 Dodging
 * Level 10.3 Stealth
 + Level 0.9 Shields
 * Level 3.1 Spellcasting
 * Level 3.4 Hexes
 * Level 2.6 Ice Magic
 * Level 1.9 Evocations


You had 11 spell levels left.
You knew the following spells:

 Your Spells              Type           Power      Damage    Failure   Level
a - Ensorcelled Hibernat  Hex/Ice        18%        N/A       11%         2

Your spell library contained the following spells:

 Spells                   Type           Power      Damage    Failure   Level
 Pain                     Necr           4%         1d4       24%         1
 Summon Guardian Golem    Hex/Summ       6%         N/A       34%         3
 Sublimation of Blood     Necr           1%         N/A       36%         2
 Spider Form              Tmut/Pois      1%         N/A       58%         3
 Anguish                  Hex/Necr       3%         N/A       75%         4
 Olgreb's Toxic Radiance  Pois           1%         N/A       94%         4
 Petrify                  Tmut/Erth      1%         N/A       94%         4
 Agony                    Necr           1%         N/A       100%        5
 Excruciating Wounds      Necr           0%         N/A       100%        5
 Irradiate                Conj/Tmut      0%         3d13      100%        5
 Orb of Destruction       Conj           0%         9d5       100%        7
 Ozocubu's Refrigeration  Ice            4%         4d5       100%        7
 Spellforged Servitor     Conj/Summ      0%         N/A       100%        7
 Ignition                 Fire           0%         3d3       100%        8


Dungeon Overview and Level Annotations

Branches:
Dungeon (7/15)             Temple (1/1) D:6          Bailey (1/1)

Altars:
Ashenzari
Dithmenos
Elyvilon
Fedhas
Gozag
Kikubaaqudgha
Makhleb
Okawaru
Qazlal
Trog
Uskayaw
Vehumet
Yredelemnul
Zin
The Shining One


Innate Abilities, Weirdness & Mutations

You are very small and have problems with some larger weapons.
You are too small for most types of armour.
You have supernaturally acute eyesight. (SInv)
You cover ground extremely quickly. (Speed+++)


Message History

Aim: an orc knight, wielding a +0 war axe and wearing a +0 scale mail (61% to hit)
You throw a poisoned dart. The poisoned dart hits the orc knight.
The orc knight is poisoned.
Throw: 3 boomerangs
Press: ? - help, Q - select action, (/) - cycle Shift-Dir - straight line, f/p - orc knight
Aim: an orc knight, wielding a +0 war axe and wearing a +0 scale mail (lightly wounded, poisoned, 61% to hit)
You throw a boomerang. The orc shouts!
The kobold shouts!
The boomerang hits the orc knight.
The orc knight is lightly wounded.
The kobold throws a boomerang.
The boomerang completely misses you.
Throw: 2 darts (atropa)
Press: ? - help, Q - select action, (/) - cycle Shift-Dir - straight line, f/p - orc knight
Aim: an orc knight, wielding a +0 war axe and wearing a +0 scale mail (lightly wounded, poisoned, 61% to hit, chance to blind on hit: 51%)
You throw an atropa-tipped dart.
The atropa-tipped dart hits the orc knight.
The orc knight appears confused.
The orc knight is lightly wounded.
The orc knight seems less confused.
Throw: dart (atropa)
Press: ? - help, Q - select action, (/) - cycle Shift-Dir - straight line, f/p - orc knight
Aim: an orc knight, wielding a +0 war axe and wearing a +0 scale mail (lightly wounded, blind, poisoned, 61% to hit, chance to blind on hit: 51%)
You throw an atropa-tipped dart.
The atropa-tipped dart hits the orc warrior.
The orc warrior appears confused.
The orc knight looks more healthy.
You hit the orc warrior but do no damage.
The orc warrior seems less confused.
The orc warrior completely misses you.
You closely miss the orc warrior. You barely miss the orc warrior.
The orc knight is no longer blind.
The orc warrior hits you with a +0 battleaxe!!
Ouch! That really hurt!
* * * LOW HITPOINT WARNING * * *
You hit the orc knight but do no damage.
The orc knight is lightly wounded.
The orc knight hits you with a +0 war axe!!
Ouch! That really hurt!
You die...
Your body crumbles into a pile of gold.

≈≈≈≈≈≈K.####.......####≈≈≈
...≈≈≈≈≈≈≈∩#.gogoK.#K≈≈≈≈≈
....$.≈≈≈≈≈#########≈≈≈≈
#........≈≈≈≈≈≈≈≈≈≈≈≈≈
###........≈≈≈≈≈≈≈≈.#
####(.(..........#
####......∩..##
###..(.o..## ####Ko@..##
####...## ##...###
##.....## ##.......##
#.........# #....∩....#
#.........# ##.......##


You could see an orc knight, an orc warrior (strong, blind), an orc, 2 goblins
and 3 kobolds.

Vanquished Creatures
  Pikel (D:5)
  A centaur (D:6)
  3 ogres
  A wyvern zombie (D:7)
  A bullfrog (D:7)
  A scorpion (D:4)
  A water moccasin zombie (D:5)
  2 wyvern skeletons
  A howler monkey (D:4)
  A gnoll shaman (D:7)
  2 centaur skeletons
  2 orc priests
  4 hounds
  A jelly (D:6)
  Terence (D:2)
  2 iguanas (D:5)
  2 orc wizards (D:5)
  A hound skeleton (D:4)
  8 gnolls
  A howler monkey skeleton (D:7)
  7 adders
  3 dart slugs
  10 orcs
  6 endoplasms
  2 giant cockroaches (D:1)
  9 goblins
  4 hobgoblins
  8 jackals
  3 ball pythons (D:1)
  4 bats
  3 frilled lizards
  12 kobolds
  7 rats
115 creatures vanquished.

Notes
Turn   | Place    | Note
-------+----------+-------------------------------------------
     0 | D:1      | styxcanada the Spriggan Brigand began the quest for the
                  | Orb.
     0 | D:1      | Reached XP level 1. HP: 10/10 MP: 2/2
    11 | D:1      | Reached skill level 6 in Stealth
    69 | D:1      | Reached XP level 2. HP: 14/14 MP: 3/3
   528 | D:1      | Reached XP level 3. HP: 14/18 MP: 4/4
   907 | D:1      | Reached skill level 7 in Stealth
  1338 | D:2      | Found an ancient bone altar of Kikubaaqudgha.
  1501 | D:2      | Noticed Terence
  1544 | D:2      | Killed Terence
  1940 | D:2      | Found a faded altar of an unknown god.
  2419 | D:3      | Reached XP level 4. HP: 23/23 MP: 5/5
  3132 | D:3      | Reached XP level 5. HP: 26/26 MP: 6/6
  3430 | D:4      | Noticed an ogre
  3460 | D:4      | Reached skill level 8 in Stealth
  3485 | D:4      | Killed an ogre
  3486 | D:4      | Reached XP level 6. HP: 29/31 MP: 7/7
  3980 | D:4      | Identified a scroll of acquirement
  3980 | D:4      | Acquired the +0 cloak "Ranuotoudghi" {rF+ Regen+}
  4538 | D:5      | Entered Level 5 of the Dungeon
  4701 | D:5      | Learned a level 2 spell: Ensorcelled Hibernation
  4827 | D:5      | Reached skill level 9 in Stealth
  4848 | D:5      | Reached XP level 7. HP: 16/35 MP: 7/9
  5270 | D:5      | Reached skill level 1 in Spellcasting
  5270 | D:5      | Reached skill level 1 in Hexes
  5620 | D:5      | Noticed Pikel
  5810 | D:5      | Killed Pikel
  5811 | D:5      | Reached skill level 5 in Dodging
  5811 | D:5      | Reached skill level 1 in Ice Magic
  5811 | D:5      | Reached XP level 8. HP: 35/40 MP: 9/12
  6266 | D:6      | Found a staircase to the Ecumenical Temple.
  6279 | Temple   | Entered the Ecumenical Temple
  6303 | Temple   | Became a worshipper of Gozag Ym Sagoz the Greedy
  6634 | D:6      | Reached skill level 10 in Stealth
  6685 | D:6      | Reached skill level 1 in Evocations
  6957 | D:7      | Acquired 1242 gold pieces
  7017 | D:7      | Found a flagged portal.
  7030 | Bailey   | Entered a bailey
  7150 | Bailey   | Noticed an orc knight
  7217 | Bailey   | Demolished by an orc knight

Illustrated notes

Levels and vault maps discovered:
D:1:      saegor_arrival_simple_a, layout_loops_ring, serial_rivers,
          chequers_serial_rivers_micro_a, chequers_serial_rivers_micro_e,
          chequers_serial_rivers_micro_e, chequers_serial_rivers_large_a,
          chequers_serial_rivers_micro_d, st_stairs_1, minmay_pentomino_w2
D:2:      layout_loops_corners, shapermc_ecumenical_altar_flowoftime,
          basic_altar, uniq_terence
D:3:      layout_loops_ring, small_statue_intersection,
          kennysheep_generic_room_11
D:4:      layout_basic, grunt_ministairs_12
D:5:      layout_basic, uniq_pikel
D:6:      layout_basic, minmay_temple_entry_water_ring, minmay_fountain_box
D:7:      layout_basic, enter_bailey_3
Temple:   grunt_wide_crystal_templ
Bailey:   bailey_axe_4, bailey

Skill      XL: |  1  2  3  4  5  6  7  8 |
---------------+-------------------------+-----
Stealth        | 6 7 8 9 10 | 10.3
Dodging        | 2 3 4 5 |  5.9
Fighting       | 2 3 |  3.2
Short Blades   | 3 4 |  4.8
Throwing       | 3 4 |  4.5
Spellcasting   | 2 3 |  3.1
Hexes          | 2 3 |  3.4
Ice Magic      | 1 2 |  2.6
Evocations     | 1 |  1.9
Shields        | |  0.9

Action                   |  1- 3 |  4- 6 |  7- 9 || total
-------------------------+-------+-------+-------++-------
Melee: Dagger            |    78 |    97 |   234 ||   409
       Punch             |     1 |     3 |     4 ||     8
Throw: Dart              |    24 |    49 |    33 ||   106
       Stone             |       |     1 |       ||     1
       Boomerang         |       |       |    13 ||    13
 Cast: Ensorcelled Hiber |       |       |     2 ||     2
  Use: Scroll            |     3 |     6 |     9 ||    18
       Potion            |       |       |     3 ||     3
 Stab: Sleeping          |    11 |     9 |     9 ||    29
       Distracted        |       |       |     1 ||     1
Armor: Robe              |    12 |    13 |     9 ||    34
Dodge: Dodged            |    57 |   100 |   118 ||   275
Block: Other             |       |     3 |    38 ||    41
       Reflection        |       |       |     5 ||     5
